 Dungeon Crawl Stone Soup version 0.30.1-11-g7821555f0a (webtiles) character file.

Game seed: 12402375356151430251

89 Okkudo the Chopper (level 4, -1/39 HPs)
             Began as a Hill Orc Monk on Dec 8, 2023.
             Slain by Crazy Yiuf
             ... wielding a +2 quarterstaff of chaos
              (10 damage)
             ... on level 2 of the Dungeon.
             The game lasted 00:03:42 (1552 turns).

Okkudo the Chopper (Hill Orc Monk)                  Turns: 1552, Time: 00:03:43

Health: -1/39      AC:  2    Str: 15    XL:     4   Next: 55%
Magic:  4/4        EV: 12    Int: 10    God:
Gold:   102        SH:  0    Dex: 13    Spells: 3/3 levels left

rFire   . . .        a - +0 hand axe
rCold   . . .        d - orb {light}
rNeg    . . .        b - +0 robe
rPois   .            (no helmet)
rElec   .            (no cloak)
rCorr   .            (no gloves)
SInv    .            (no boots)
Will    .....        (no amulet)
Stlth   +            (no ring)
HPRegen 0.26/turn    (no ring)
MPRegen 0.09/turn

%: no passive effects
@: confused, ambrosia-drunk, glowing
A: no striking features
a: no special abilities


You were on level 2 of the Dungeon.
You visited 1 branch of the dungeon, and saw 2 of its levels.

You collected 102 gold pieces.

Inventory:

Hand Weapons
 a - a +0 hand axe (weapon)
 k - a +0 bardiche
Missiles
 o - 3 poisoned darts (quivered)
Armour
 b - a +0 robe (worn)
 d - an orb of light (worn)
Scrolls
 e - a scroll of amnesia {unknown}
 j - a scroll of teleportation {unknown}
 l - a scroll of summoning {unknown}
 n - a scroll of fog {unknown}
Potions
 f - a potion of lignification {unknown}
 g - a potion of berserk rage {unknown}
 h - 2 potions of curing {unknown}
 i - a potion of degeneration {unknown}
 m - a potion of heal wounds {unknown}


   Skills:
 - Level 3.6 Fighting
 * Level 6.9 Axes
 - Level 2.4 Dodging


You had 3 spell levels left.
You didn't know any spells.
Your spell library contained the following spells:

 Spells                   Type           Power      Damage    Failure   Level
 Call Canine Familiar     Summ           0%         N/A       75%         3
 Portal Projectile        Hex/Tloc       0%         N/A       75%         3
 Vhi's Electric Charge    Tloc/Air       0%         N/A       75%         3
 Leda's Liquefaction      Hex/Erth       0%         N/A       98%         4
 Arcjolt                  Conj/Air       0%         1d10      100%        5
 Lee's Rapid Deconstruct  Erth           0%         3d4*      100%        5
 Statue Form              Tmut/Erth      0%         N/A       100%        6
 Maxwell's Capacitive Co  Air            0%         ∞         100%        8


Dungeon Overview and Level Annotations

Branches:
Dungeon (2/15)

Altars:

Annotations:
D:2 Crazy Yiuf


Message History

The giant cockroach bites you but does no damage.
You hit the giant cockroach.
The giant cockroach is moderately wounded.
The giant cockroach bites you.
You hit the giant cockroach but do no damage.
The giant cockroach is moderately wounded.
The giant cockroach barely misses you.
You hit the giant cockroach.
You kill the giant cockroach!
Found 3 stones.
Really walk into that dispersal trap?
You enter a dispersal trap!
You blink.
You see here a hobgoblin skeleton.
Crazy Yiuf shouts!
Okay, then.
You open the door. You hit Crazy Yiuf but do no damage.
Crazy Yiuf hits you with a +2 quarterstaff of chaos!
You hit Crazy Yiuf.
Crazy Yiuf is moderately wounded.
Crazy Yiuf hits you with a +2 quarterstaff of chaos!
You resist with significant effort.
You hit Crazy Yiuf.
Crazy Yiuf is heavily wounded.
Crazy Yiuf closely misses you.
You hit Crazy Yiuf.
Crazy Yiuf is severely wounded.
Crazy Yiuf hits you with a +2 quarterstaff of chaos!
* * * LOW HITPOINT WARNING * * *
You resist with significant effort.
You are confused.
You feel invigorated.
Crazy Yiuf says, "Tosser!"
Crazy Yiuf hits you with a +2 quarterstaff of chaos.
* * * LOW HITPOINT WARNING * * *
Crazy Yiuf burns you.
* * * LOW HITPOINT WARNING * * *
You bump into the stone wall.
Crazy Yiuf hits you with a +2 quarterstaff of chaos!
You die...

####.#.## ### #....### #.##.
##.#...#### #....# #.##.
#.###...#.# ♣....♣
#######.... ###.#......#
♣♣...♣ #.......##.
÷.##.#.###.# ♣♣.♣♣
#.#####.##. #.####.# #.#
♣♣.♣ ##.#####.### ..÷....#
#.# ♣.♣♣ #.....##.# #.######
#.# ♣♣.♣ #..##.##.### #.#
#.# ♣@♣♣ #........... ..#
#.# #g# #.....##[..# ### ###
... #..##.##..## #...#
##.##.#..##. ####### #)..#
#.##.#.†..# #.....# #####
#.##.##...# #.###.#
#....###...
#.###.##############...###..
#.##.............# ##...####


You could see Crazy Yiuf.

Vanquished Creatures
  Natasha (twice) (D:2)
  An adder (D:2)
  A dart slug (D:1)
  An endoplasm (D:1)
  A giant cockroach (D:2)
  3 goblins (D:2)
  3 hobgoblins
  3 quokkas (D:1)
  4 ball pythons
  4 bats
  2 kobolds (D:2)
  3 rats
28 creatures vanquished.

Notes
Turn   | Place    | Note
-------+----------+-------------------------------------------
     0 | D:1      | Okkudo the Hill Orc Monk began the quest for the Orb.
     0 | D:1      | Reached XP level 1. HP: 19/19 MP: 1/1
   250 | D:1      | Reached XP level 2. HP: 26/26 MP: 2/2
   337 | D:1      | Reached skill level 5 in Axes
   626 | D:2      | Reached XP level 3. HP: 9/31 MP: 3/3
   897 | D:2      | Found a runed translucent door.
   898 | D:2      | Noticed Crazy Yiuf
  1223 | D:2      | Noticed Natasha
  1237 | D:2      | Killed Natasha
  1238 | D:2      | Reached skill level 6 in Axes
  1238 | D:2      | Reached XP level 4. HP: 23/39 MP: 4/4
  1348 | D:2      | Noticed Natasha
  1358 | D:2      | Killed Natasha
  1552 | D:2      | Slain by Crazy Yiuf

Illustrated notes

Levels and vault maps discovered:
D:1:      minmay_arrival_jagged, layout_basic, serial_park_tiny_2
D:2:      layout_loops_cross, minmay_cupped, uniq_crazy_yiuf_cottage,
          uniq_natasha

Skill      XL: |  1  2  3 |
---------------+----------+-----
Axes           | 5 6 |  6.9
Fighting       | |  3.6
Dodging        | |  2.4

Action                     |  1- 3 |  4- 6 || total
---------------------------+-------+-------++-------
  Melee: Hand axe          |    82 |    16 ||    98
    Use: Potion            |       |     1 ||     1
 Armour: Robe              |    17 |     1 ||    18
  Dodge: Dodged            |    58 |     8 ||    66
